 Dungeon Crawl Stone Soup version 0.31.0-4-g52a2dc7128 (webtiles) character file.

Game seed: 17539252870210977215

66 James the Sneak (level 3, 0/17 HPs)
             Began as a Spriggan Enchanter on Jan 21, 2024.
             Killed by divine providence
             ... invoked by an orc priest
              (13 damage)
             ... on level 2 of the Dungeon.
             The game lasted 00:06:46 (1941 turns).

James the Sneak (Spriggan Enchanter)                Turns: 1941, Time: 00:06:46

Health: 0/17       AC:  2    Str:  4    XL:     3   Next: 96%
Magic:  6/8        EV: 17    Int: 18    God:
Gold:   162        SH:  0    Dex: 15    Spells: 2/7 levels left

rFire   . . .        a - +1 dagger
rCold   . . .        (no shield)
rNeg    . . .        f - +0 robe
rPois   .            (helmet restricted)
rElec   .            (no cloak)
rCorr   .            (gloves unavailable)
SInv    +            (boots unavailable)
Will    .....        (no amulet)
Stlth   +++          (no ring)
HPRegen 0.22/turn    (no ring)
MPRegen 0.11/turn

%: no passive effects
@: very quick
A: very small, no large weapons, unfitting armour, see invisible, speed 3
a: no special abilities


You were on level 2 of the Dungeon.
You visited 1 branch of the dungeon, and saw 2 of its levels.

You collected 162 gold pieces.

Inventory:

Hand Weapons
 a - a +1 dagger (weapon)
 b - a +0 rapier
   (You found it on level 2 of the Dungeon)
 l - a +0 sling
   (You took it off a goblin on level 1 of the Dungeon)
 m - a +0 short sword
   (You took it off a kobold on level 1 of the Dungeon)
Missiles
 d - 12 stones (quivered)
 g - 3 poisoned darts
Armour
 f - a +0 robe (worn)
 q - a +0 robe
   (You found it on level 2 of the Dungeon)
Talismans
 h - a maw talisman
   (You found it on level 1 of the Dungeon)
Scrolls
 i - a scroll of fog {unknown}
 o - a scroll of teleportation {unknown}
Potions
 c - 2 potions of invisibility
 e - 2 potions of heal wounds {unknown}
 j - a potion of brilliance {unknown}
 k - a potion of degeneration {unknown}
 n - 2 potions of might {unknown}
 p - a potion of cancellation {unknown}


   Skills:
 + Level 0.6 Fighting
 * Level 3.1 Short Blades
 - Level 3.0 Dodging
 + Level 5.3 Stealth
 + Level 2.7 Spellcasting
 * Level 3.7 Hexes
 + Level 0.2 Ice Magic


You had 2 spell levels left.
You knew the following spells:

 Your Spells              Type           Power      Damage    Failure   Level
a - Confusing Touch       Hex            15%        N/A       11%         3
x - Ensorcelled Hibernat  Hex/Ice        18%        N/A       11%         2

Your spell library contained the following spells:

 Spells                   Type           Power      Damage    Failure   Level
 Tukima's Dance           Hex            15%        N/A       11%         3
 Dazzling Flash           Conj/Hex       18%        N/A       24%         3


Dungeon Overview and Level Annotations

Branches:
Dungeon (2/15)

Altars:

Shops:
D:1 =


Innate Abilities, Weirdness & Mutations

You are very small and have problems with some larger weapons.
You are too small for most types of armour.
You have supernaturally acute eyesight. (SInv)
You cover ground extremely quickly. (Speed+++)


Message History

The adder attacks as it pursues you! The adder bites you.
You are poisoned.
The adder poisons you!
You feel sick.
You feel sick.
You feel sick.
Press: ? - help, Shift-Dir - straight line, f/p - adder
Aim: an adder (chance to affect: 51%)
The adder looks drowsy...
You feel sick.
You are no longer poisoned.
The helpless adder fails to defend itself.
You impale the adder!!
You kill the adder!
Your magical contamination has completely faded away.
There is a stone staircase leading up here.
You now have 149 gold pieces (gained 15).
p - a grey potion
Found 13 gold pieces.
Found a robe.
You now have 153 gold pieces (gained 4).
You now have 162 gold pieces (gained 9).
q - a +0 robe A bat comes into view.
A bat is nearby!
The helpless bat fails to defend itself.
You stick the bat like a pincushion!!!
You kill the bat!
No target in view!
No target in view!
No target in view!
You see here a bat corpse.
There is a stone staircase leading down here.
Found 14 gold pieces.
An orc priest and an orc come into view.
The orc shouts!
An orc comes into view. It is wielding a +0 trident.
Found 14 gold pieces.
The orc shouts!
The orc priest shouts!
Press: ? - help, Shift-Dir - straight line, f - orc
Aim: an orc, wielding a +0 club (chance to affect: 61%)
The orc looks drowsy...
The orc hits you from afar with a +0 trident.
The helpless orc fails to defend itself.
You impale the orc!!
You kill the orc!
The orc misses you.
The orc priest calls down the wrath of Beogh upon you.
Beogh smites you!
Ouch! That really hurt!
You die...

......#........###.##.#.#.#...###
....#..#...#..##.##.#.#........
...........o.$#.##.#.########.
#.#.........⌠#....#.......##.
#.........o.$#.#..##...##.##.
#..#...#o.##.##.##...#.....
#........###.# .##...#.....
#.#########..# ##...#.....
#.)oo.....@.## #...#....#
############# #...#.....
#...#....# #####....# ######


You could see an orc priest and an orc.

Vanquished Creatures
  2 adders (D:2)
  A dart slug (D:1)
  An orc (D:2)
  2 ball pythons (D:1)
  5 endoplasms
  5 hobgoblins (D:1)
  4 jackals (D:1)
  4 kobolds (D:1)
  3 quokkas (D:1)
  5 bats
  2 frilled lizards
  3 goblins (D:1)
  2 rats
39 creatures vanquished.

Notes
Turn   | Place    | Note
-------+----------+-------------------------------------------
     0 | D:1      | James the Spriggan Enchanter began the quest for the Orb.
     0 | D:1      | Reached XP level 1. HP: 9/9 MP: 5/5
    19 | D:1      | Found Ceux's Jewellery Boutique.
   128 | D:1      | Reached XP level 2. HP: 8/13 MP: 6/6
   150 | D:1      | Learned a level 2 spell: Ensorcelled Hibernation
   595 | D:1      | Reached skill level 5 in Stealth
   761 | D:1      | Reached XP level 3. HP: 16/16 MP: 4/8
  1238 | D:1      | Learned a level 3 spell: Confusing Touch
  1941 | D:2      | Killed from afar by an orc priest

Illustrated notes

Levels and vault maps discovered:
D:1:      saegor_arrival_simple_c, layout_loops_cross, serial_shops,
          nicolae_shop_statue_plus, minivault_27
D:2:      cheibrodos_pilgrimage, layout_basic, kennysheep_generic_room_9

Skill      XL: |  1  2  3 |
---------------+----------+-----
Dodging        | 3 |  3.0
Short Blades   | 2 3 |  3.1
Stealth        | 5 |  5.3
Fighting       | |  0.6
Spellcasting   | |  2.7
Hexes          | |  3.7
Ice Magic      | |  0.2

Action                     || total
---------------------------++-------
  Melee: Dagger            ||    85
         Punch             ||     2
         Short sword       ||     8
         Rapier            ||    10
   Cast: Ensorcelled Hiber ||    21
   Stab: Distracted        ||     1
         Sleeping          ||    19
 Armour: Robe              ||    32
  Dodge: Dodged            ||    84
